 Dungeon Crawl Stone Soup version 0.19-a0-36-g4a0968a (webtiles) character file.

9086 jyri the Grappler (level 11, -3/89 HPs)
             Began as a Ghoul Monk on May 3, 2016.
             Was a High Priest of Makhleb.
             Slain by a sun demon (13 damage)
             ... summoned by an orc sorcerer
             ... on level 1 of the Orcish Mines.
             The game lasted 00:48:24 (10960 turns).

jyri the Grappler (Ghoul Monk)                     Turns: 10960, Time: 00:48:26

Health: -3/89      AC: -4    Str: 18    XL:     11   Next: 41%
Magic:  18/18      EV: 11    Int:  5    God:    Makhleb [*****.]
Gold:   709        SH:  0    Dex: 12    Spells: 0 memorised, 10 levels left

rFire  . . .     SeeInvis .       - Unarmed
rCold  + . .     Gourm    .     F - +5 ring mail of Space {+Fly}
rNeg   + + +     Faith    .     (no shield)
rPois  ∞         Spirit   .     q - +2 helmet
rElec  .         Dismiss  .     C - +0 cloak
rCorr  .         Reflect  .     (no gloves)
SustAt .         Harm     .     G - +0 pair of boots
MR     .....                    (no amulet)
Stlth  +.........               (no ring)
                                (no ring)

@: corroded, rotting, not resistant to hostile enchantments, very unstealthy
A: rotting body, claws 1, carnivore 3, cold resistance 1, negative energy
resistance 3, slow regeneration 1, torment resistance, unbreathing
a: Minor Destruction, Lesser Servant of Makhleb, Major Destruction, Greater
Servant of Makhleb, Renounce Religion, Evoke Flight


You were on level 1 of the Orcish Mines.
You worshipped Makhleb.
Makhleb was extremely pleased with you.
You were not hungry.

You visited 3 branches of the dungeon, and saw 13 of its levels.
You also visited: Sewer.

You collected 871 gold pieces.
You spent 162 gold pieces at shops.

Inventory:

Hand Weapons
 b - a +0 hunting sling
 Q - a cursed -1 shortbow
Missiles
 h - 83 bolts
 j - 104 sling bullets
 m - 178 arrows
 x - 6 exploding tomahawks (quivered)
Armour
 q - a +2 helmet (worn)
 C - a +0 cloak (worn)
 F - the +5 ring mail of Space (worn) {+Fly}
   (You found it on level 5 of the Dungeon)

   It lets you fly.
 G - a +0 pair of boots (worn)
 I - the +1 ring mail of Beauty {+Inv Str+2}
   (You found it on level 6 of the Dungeon)

   It affects your strength (+2).
   It lets you turn invisible.
 O - a +0 plate armour
Rods
 z - a +0 iron rod (10/10)
   (You found it on level 4 of the Dungeon)
Jewellery
 s - an uncursed ring of teleportation
 H - an uncursed ring of positive energy
 N - an uncursed ring of protection from magic
Wands
 e - a wand of random effects (34/48)
 y - a wand of flame (34/48)
 E - a wand of acid (10/15)
 M - a wand of paralysis (11/24)
Scrolls
 a - 8 scrolls of teleportation
 c - 3 scrolls of enchant weapon {unknown}
 f - a scroll of remove curse
 g - a scroll of immolation {unknown}
 i - a scroll of fog {unknown}
 o - 2 scrolls of blinking {unknown}
 t - 3 scrolls of enchant armour {unknown}
 w - 3 scrolls of fear {unknown}
 B - a scroll of amnesia {unknown}
 L - a scroll of silence {unknown}
 P - 2 scrolls of noise {unknown}
 R - a scroll of recharging
Potions
 n - 8 potions of curing
 p - a potion of magic {unknown}
 r - a potion of ambrosia
 v - 2 potions of brilliance
 D - a potion of mutation
 J - 2 potions of flight
 K - a potion of heal wounds
Miscellaneous
 u - a box of beasts
Comestibles
 d - 3 beef jerkies
 k - 5 chunks of flesh
 l - 12 meat rations
 A - a slice of pizza


   Skills:
 + Level 5.9 Fighting
 - Level 0.6 Slings
 - Level 2.0 Armour
 - Level 2.6 Dodging
 - Level 2.1 Stealth
 - Level 14.3 Unarmed Combat
 + Level 11.0 Invocations


You had 10 spell levels left.
You didn't know any spells.

Dungeon Overview and Level Annotations

Branches:
Dungeon (11/15)            Temple (1/1) D:5             Orc (1/2) D:9
   Lair: D:8-11

Altars:
Ashenzari
Cheibriados
Dithmenos
Elyvilon
Fedhas
Gozag
Kikubaaqudgha
Makhleb
Nemelex Xobeh
Okawaru
Pakellas
Qazlal
Ru
Sif Muna
Trog
Vehumet
Xom
Yredelemnul
Zin
The Shining One

Shops:
D:9 *

Annotations:
D:8 exclusion: orange demon


Innate Abilities, Weirdness & Mutations

Your body is rotting away.
You thrive on raw meat.
You are immune to poison.
You have sharp fingernails.
You are carnivorous and can eat meat at any time.
Your flesh is cold resistant.
You are immune to negative energy.
You regenerate slowly when monsters are visible.
You are immune to unholy pain and torment.
You can survive without breathing.


Message History

The orc warrior hits you with a mace! The rust devil hits you.
The rust devil corrodes you!
An orc sorcerer comes into view. It is wielding a dagger.
The orc high priest prays to Beogh.
The orc sorcerer shouts!
The rust devil disappears in a puff of smoke!
The orc high priest calls down the wrath of Beogh upon you.
You are unaffected.
The rust devil hits you. The rust devil corrodes you! The ice devil hits you.
The ice devil freezes you. You resist.
The orc sorcerer casts a spell.
Things that are here:
a mace; an orc corpse The orc high priest calls down the wrath of Beogh upon you.
Beogh smites you!
* * * LOW HITPOINT WARNING * * *
The sun demon hits you!
* * * LOW HITPOINT WARNING * * *
You are engulfed in flames!
You die...

...#....#..#..##.....##.##
....##.#..........#.##...#
.....#.##.......4.......#
[##.#....#.....o.....#..##
.###...........#.T.......#
.).............#..o......#
.))...........o.o4......##
..............)3h4..).###
................@#.#.##
.................)....#
......................#
.................###.##
....#..........#.#####
..................#
..........>...##.##
#....##.......####
##...#.........#


You could see an orc high priest, a sun demon, an orange demon, an ice devil, a
rust devil, a troll, a warg, an orc sorcerer, an orc warrior and an orc.

Vanquished Creatures
  A hill giant (D:8)
  An orc sorcerer (Orc:1)
  A gargoyle (D:8)
  4 trolls
  Grinder (D:4)
  Prince Ribbit (D:8)
  2 yaks (D:11)
  2 wyverns (D:10)
  2 hungry ghosts
  2 hippogriffs (D:9)
  A warg (Orc:1)
  The ghost of M4edhros the Insei, an amateur OpNe (D:5)
  The ghost of M4edhros the Insei, an amateur OpNe of Cheibriados (D:4)
  A water moccasin (D:8)
  An ice beast (D:5)
  2 orc warriors
  A sky beast (D:6)
  A wasp (D:10)
  2 phantoms
  5 centaurs
  6 ogres
  2 big kobolds
  6 giant frogs
  Blork the orc (D:5)
  A gnoll sergeant (D:10)
  3 scorpions
  8 killer bees
  2 howler monkeys
  2 giant frog skeletons
  3 orc priests
  2 centaur skeletons
  6 hounds
  7 orc wizards
  Jessica (D:2)
  5 iguanas
  5 worker ants
  A killer bee zombie (D:8)
  A worker ant zombie (D:6)
  Robin (D:4)
  16 adders
  3 river rats (Sewer)
  13 gnolls
  2 shadow imps
  2 oozes
  2 adder skeletons
  2 worms
  3 dart slugs
  15 giant geckos
  24 orcs
  10 bats
  7 giant cockroaches
  8 hobgoblins
  9 jackals
  2 quokkas
  2 ball pythons
  2 giant gecko skeletons
  4 giant newts
  12 goblins
  A jackal skeleton (D:9)
  14 kobolds
  3 rats
252 creatures vanquished.

Vanquished Creatures (collateral kills)
  Erica (D:9)
  A hill giant (D:10)
  A giant frog (D:8)
  5 killer bees
  An orc priest (D:8)
  An iguana (D:9)
  A worker ant (D:8)
  An adder zombie (D:8)
  A jackal (D:9)
13 creatures vanquished.

Grand Total: 265 creatures vanquished

Notes
Turn   | Place    | Note
--------------------------------------------------------------
     0 | D:1      | jyri the Ghoul Monk began the quest for the Orb.
     0 | D:1      | Reached XP level 1. HP: 19/19 MP: 0/0
   481 | D:1      | Reached XP level 2. HP: 22/26 MP: 1/1
   559 | D:1      | Reached skill level 5 in Unarmed Combat
  1065 | D:2      | Noticed Jessica
  1226 | D:3      | Reached XP level 3. HP: 30/30 MP: 2/2
  1674 | D:2      | Reached XP level 4. HP: 38/38 MP: 3/3
  1740 | D:2      | Reached skill level 6 in Unarmed Combat
  1884 | D:2      | Found a stormy altar of Qazlal.
  1953 | D:2      | Killed Jessica
  1953 | D:2      | Reached XP level 5. HP: 45/45 MP: 4/4
  2289 | D:3      | Reached skill level 1 in Armour
  2640 | D:3      | Reached skill level 7 in Unarmed Combat
  3058 | D:4      | Found a sacrificial altar of Ru.
  3069 | D:4      | Noticed Grinder
  3191 | D:4      | Found an iron altar of Okawaru.
  3223 | D:5      | Entered Level 5 of the Dungeon
  3233 | D:5      | Noticed M4edhros's ghost (amateur OpNe)
  3456 | D:4      | Noticed M4edhros's ghost (amateur OpNe)
  3524 | D:4      | Noticed an ogre
  3535 | D:4      | Killed an ogre
  3535 | D:4      | Reached XP level 6. HP: 41/51 MP: 5/5
  3675 | D:4      | Noticed Robin
  3699 | D:4      | Killed Robin
  3809 | D:4      | Killed Grinder
  3809 | D:4      | Reached skill level 8 in Unarmed Combat
  3809 | D:4      | Reached XP level 7. HP: 36/57 MP: 6/6
  3909 | D:4      | Killed M4edhros's ghost
  3909 | D:4      | Reached skill level 9 in Unarmed Combat
  4555 | D:5      | Killed M4edhros's ghost
  4555 | D:5      | Reached skill level 10 in Unarmed Combat
  4555 | D:5      | Reached XP level 8. HP: 62/62 MP: 7/7
  4807 | D:5      | Found a staircase to the Ecumenical Temple.
  4832 | D:5      | Reached skill level 11 in Unarmed Combat
  4849 | D:5      | Noticed Blork the orc
  4860 | D:5      | Killed Blork the orc
  4904 | Temple   | Entered the Ecumenical Temple
  5074 | Temple   | Became a worshipper of Makhleb the Destroyer
  5074 | Temple   | Reached * piety under Makhleb
  5074 | Temple   | Reached ** piety under Makhleb
  5243 | D:5      | Got a jewelled ring mail
  5254 | D:5      | Identified the +5 ring mail of Space {+Fly} (You found it on level 5 of the Dungeon)
  5452 | D:6      | Reached skill level 1 in Invocations
  5603 | D:6      | Got a brightly glowing ring mail
  5761 | D:6      | Found a glowing drain.
  5804 | Sewer    | Entered a sewer
  5875 | Sewer    | Reached XP level 9. HP: 70/70 MP: 10/10
  5914 | Sewer    | Found a glowing silver altar of Zin.
  6169 | D:6      | Reached *** piety under Makhleb
  6383 | D:7      | Found a white marble altar of Elyvilon.
  6459 | D:7      | Identified the cursed +1 ring mail of Beauty {+Inv Str+2} (You found it on level 6 of the Dungeon)
  6535 | D:7      | Reached skill level 12 in Unarmed Combat
  6685 | D:7      | Found a bloodstained altar of Trog.
  6808 | D:7      | Reached skill level 5 in Invocations
  6918 | D:7      | Found a blossoming altar of Fedhas.
  7069 | D:7      | Found a basalt altar of Yredelemnul.
  7625 | D:8      | Found a shattered altar of Ashenzari.
  7628 | D:8      | Found a stormy altar of Qazlal.
  7682 | D:8      | Found a sparkling altar of Nemelex Xobeh.
  7713 | D:8      | Found a radiant altar of Vehumet.
  7810 | D:8      | Noticed a gargoyle
  7823 | D:8      | Killed a gargoyle
  7865 | D:8      | Reached **** piety under Makhleb
  7923 | D:8      | Noticed a hill giant
  7930 | D:8      | Reached skill level 13 in Unarmed Combat
  7938 | D:8      | Killed a hill giant
  7938 | D:8      | Reached XP level 10. HP: 61/76 MP: 14/14
  7960 | D:8      | Noticed Prince Ribbit
  7977 | D:8      | Killed Prince Ribbit
  9059 | D:9      | Noticed Erica
  9161 | D:9      | Found Jyaxzac's General Store.
  9199 | D:9      | Bought a scroll of teleportation for 39 gold pieces
  9199 | D:9      | Bought a scroll of recharging for 123 gold pieces
  9305 | D:10     | Entered Level 10 of the Dungeon
  9762 | D:11     | Reached skill level 14 in Unarmed Combat
  9803 | D:10     | Reached ***** piety under Makhleb
  9847 | D:10     | Noticed a hill giant
  9857 | D:10     | Killed a hill giant
  9914 | D:10     | Reached skill level 10 in Invocations
  9914 | D:10     | Reached XP level 11. HP: 62/82 MP: 17/17
 10074 | D:9      | Killed Erica
 10115 | D:9      | Found a shimmering altar of Xom.
 10258 | D:9      | Reached skill level 5 in Fighting
 10297 | D:9      | Found a staircase to the Orcish Mines.
 10749 | Orc:1    | Entered Level 1 of the Orcish Mines
 10880 | Orc:1    | Noticed an orc sorcerer
 10895 | Orc:1    | Killed an orc sorcerer
 10937 | Orc:1    | Noticed an orc high priest
 10953 | Orc:1    | Noticed an orc sorcerer
 10960 | Orc:1    | Noticed a sun demon
 10960 | Orc:1    | Slain by a sun demon

Vault maps used:
D:1:      dpeg_arrival_three_bigger_balls
D:2:      nicolae_qazlal_eye_of_the_storm, uniq_jessica
D:4:      nicolae_ru_sacrificial_ziggurat, okawaru_ov_weapons_minmay,
          uniq_grinder, uniq_robin
D:5:      minmay_temple_entry_purple_smoke, first_bread, uniq_blork_the_orc
D:6:      portal_sewer_entry_f, minivault_26, grunt_ministairs_13,
          small_statue_intersection
D:7:      fedhas_altar_4, kennysheep_ying_yang, nicolae_overflow_hidden_temple,
          grunt_ministairs_2, kennysheep_generic_room_6
D:8:      grunt_temple_overflow_cloverleaf, serial_co_window_serial,
          co_window_corner_a, co_window_corner_a, co_window_paths_b,
          co_window_paths_b, co_window_paths_b, co_window_corner_b,
          co_window_paths_c, co_window_corner_cb, co_window_of_opportunity_b,
          co_window_4corner_a, co_window_4corner_b, glass_columns_a,
          glass_columns_a, uniq_prince_ribbit1
D:9:      overflow_temple_1_default, orc_0_dummy, serial_shops, shop, uniq_erica
D:10:     erik_lair_dragon
D:11:     basic_altar
Temple:   roderic_octagonal_lattice_temple
Sewer:    sewer_kobolds

Skill      XL: |  1  2  3  4  5  6  7  8  9 10 11 |
---------------+----------------------------------+-----
Unarmed Combat | 5 6 7 8 10 11 13 14 | 14.3
Armour         | 1 2 |  2.0
Invocations    | 3 7 10 11 | 11.0
Fighting       | 5 |  5.9
Slings         | |  0.6
Dodging        | |  2.6
Stealth        | |  2.1

Action                   |  1- 3 |  4- 6 |  7- 9 | 10-12 || total
-------------------------+-------+-------+-------+-------++-------
Melee: Unarmed           |    78 |   129 |   362 |   314 ||   883
       Punch             |     1 |     4 |    13 |    14 ||    32
 Fire: Hunting sling     |     6 |     3 |    37 |    15 ||    61
Throw: Tomahawk          |       |       |     1 |       ||     1
Invok: Lesser Servant of |       |       |     1 |     5 ||     6
  Use: Scroll            |       |     7 |     7 |     2 ||    16
       Potion            |       |     1 |     1 |       ||     2
 Stab: Sleeping          |     3 |       |       |       ||     3
       Distracted        |       |       |     2 |     1 ||     3
  Eat: Chunk             |    14 |    13 |    40 |    38 ||   105
Armor: Robe              |    13 |       |       |       ||    13
       Scale mail        |    18 |    28 |    37 |       ||    83
       Ring mail         |       |       |   121 |   174 ||   295
Dodge: Dodged            |    49 |    57 |   140 |   186 ||   432
